Red Wings vs Sharks
(R1)
Created - December 26, 2021 at 23:16
Goals
|
| Red Wings |
1 |
1 |
0 |
2 |
| Sharks |
3 |
1 |
1 |
5 |
|
Shots
|
| Red Wings |
11 |
10 |
20 |
41 |
| Sharks |
14 |
13 |
9 |
36 |
|
1st period
1. Sharks , Gilbert Brule 5 (Brandon Dubinsky 3, Bobby Butler 1) at 9:21
2. Red Wings , Mike Richards 3 (Kris Versteeg 2, Max Domi 3) at 11:53
3. Sharks , Gilbert Brule 6 (Brandon Dubinsky 4, Steve Eminger 2) at 16:15
4. Sharks , Corban Knight 2 (Drew Doughty 6, PK Subban 4) at 18:05
Penalties :
Philip Samuelsson (Det) for Holding (Minor) at 0:23, Drew Fata (Det) for Tripping (Minor) at 9:24
2nd period
5. Sharks , Jason Spezza 4 (Drew Doughty 7) at 0:08
6. Red Wings , Kyle Okposo 2 (Jiri Fischer 3) at 0:56
Penalties :
Ryan O'Byrne (Det) for Hooking (Minor) at 8:05, Oskar Osala (S.J) for Interference (Minor) at 13:24, Zach Boychuk (S.J) for Holding (Minor) at 16:42
3rd period
7. Sharks , Zach Boychuk 4 (PK Subban 5) at 12:58
Penalties :
Dylan Larkin (Det) for Holding (Minor) at 10:04
Goalie Stats
Mike McKenna (Det), 20 saves from 21 shots - (0.952), 39:52 minutes
Robin Lehner (Det), 11 saves from 15 shots - (0.733), L, 4-3-0, 20:08 minutes
Ryan Miller (S.J), 39 saves from 41 shots - (0.951), W, 3-5-1, 60:00 minutes
Players Stats for Red Wings
Player Name G A P +/- PIM S H SB GA TA FO MP PP MP PK MP
------------------------------------------------------------------------------------
Carson Mcmillan 0 0 0 0 0 1 0 0 0 1 1/1 11:16 0:05 4:05
Connor Brown 0 0 0 -1 0 7 2 0 0 0 1/2 16:54 2:08 0:00
David Rundblad 0 0 0 -2 0 2 2 2 0 3 0/0 15:06 1:39 0:14
Drew Fata 0 0 0 -1 2 1 1 0 0 1 0/0 21:33 0:00 2:15
Dylan Larkin 0 0 0 -1 2 2 0 0 0 0 0/4 12:29 1:45 0:00
Henrik Zetterberg 0 0 0 -1 0 4 1 0 1 0 11/19 20:35 2:08 3:22
Jiri Fischer 0 1 1 0 0 0 0 2 0 0 0/0 18:05 0:00 3:26
Kris Versteeg 0 1 1 -1 0 2 1 0 1 0 0/1 17:20 1:45 0:00
Kyle Okposo 1 0 1 -1 0 1 1 1 0 0 0/0 10:45 0:05 0:00
Marko Dano 0 0 0 -1 0 4 0 1 1 1 0/3 18:04 2:08 1:10
Max Domi 0 1 1 -1 0 2 0 0 0 0 1/1 17:48 1:39 0:30
Michael Haley 0 0 0 0 0 2 0 0 0 0 0/0 8:46 0:00 2:11
Mike Richards 1 0 1 -1 0 6 1 0 0 0 7/17 19:13 1:45 1:53
Ole-Kristian Tollefsen 0 0 0 0 0 1 4 0 0 0 0/0 22:23 2:19 4:30
Philip Samuelsson 0 0 0 -1 2 2 0 1 0 1 0/0 24:34 2:19 2:01
Ryan O'Byrne 0 0 0 -2 2 0 1 0 0 1 0/0 16:57 0:00 3:26
T.J. Hensick 0 0 0 0 0 2 1 1 0 0 6/6 9:27 0:00 2:41
Tye McGinn 0 0 0 -1 0 2 2 1 1 0 0/0 10:45 0:05 0:00
Players Stats for Sharks
Player Name G A P +/- PIM S H SB GA TA FO MP PP MP PK MP
------------------------------------------------------------------------------------
Bobby Butler 0 1 1 2 0 0 0 0 0 1 0/0 16:20 4:28 0:00
Boone Jenner 0 0 0 -1 0 1 1 0 1 0 3/9 12:31 0:00 0:38
Brandon Dubinsky 0 2 2 2 0 2 2 1 0 0 1/1 18:00 4:28 1:40
Corban Knight 1 0 1 1 0 3 1 0 1 0 4/7 8:48 0:00 0:00
David Booth 0 0 0 1 0 0 0 0 0 0 0/0 20:46 3:15 1:58
Drew Doughty 0 2 2 2 0 4 2 1 1 0 0/0 27:09 3:08 2:29
Gilbert Brule 2 0 2 2 0 8 1 0 2 0 3/8 17:20 4:28 1:00
J.T. Brown 0 0 0 1 0 2 0 0 2 0 0/0 8:55 0:07 0:00
Jason Spezza 1 0 1 1 0 1 0 0 0 0 16/27 20:55 3:15 2:07
Karl Alzner 0 0 0 -1 0 2 1 1 0 0 0/0 20:50 4:48 1:29
Milan Michalek 0 0 0 -1 0 2 1 0 0 0 0/0 12:53 0:19 0:33
Nick Palmieri 0 0 0 1 0 4 2 0 0 0 0/2 18:22 3:15 0:00
Oskar Osala 0 0 0 -1 2 2 1 0 0 0 0/0 12:09 0:00 0:00
Patrick Wey 0 0 0 2 0 0 1 1 0 1 0/0 12:01 0:00 0:00
PK Subban 0 2 2 2 0 1 2 3 1 2 0/0 27:09 3:08 2:29
Steve Eminger 0 1 1 2 0 1 0 0 0 0 0/0 12:01 0:00 0:00
Tyler Cuma 0 0 0 -1 0 1 1 0 0 0 0/0 20:50 4:48 1:29
Zach Boychuk 1 0 1 1 2 2 1 0 0 0 0/0 9:01 0:13 0:00
3 Stars
1 - Gilbert Brule (S.J)
2 - Ryan Miller (S.J)
3 - PK Subban (S.J)
Power Play
Red Wings - 0 on 2 Attempt(s) - 0.00%
Sharks - 0 on 4 Attempt(s) - 0.00%
Penalty Kill
Red Wings - 4 on 4 Attempt(s) - 100.00%
- Score 0 goal in Penalty Kill
Sharks - 2 on 2 Attempt(s) - 100.00%
- Score 0 goal in Penalty Kill
Team Stat
Red Wings - Hits : 17 - Faceoff Wins : 27 - Blocked Shots : 9 - Penalty Minutes : 8
Sharks - Hits : 17 - Faceoff Wins : 27 - Blocked Shots : 7 - Penalty Minutes : 4
Official
Referees : TJ Luxmore and Michael Markovic
Linesman : Devin Berg and Kory Nagy
Game Notes
Mike McKenna enters game at 0:08 of 2nd period
Finance
Level 1 -- Attendance: 5863 (97.72%) -- Ticket Income $586,300
Level 2 -- Attendance: 4900 (98.00%) -- Ticket Income $294,000
Level 3 -- Attendance: 2000 (100.00%) -- Ticket Income $70,000
Level 4 -- Attendance: 3765 (94.13%) -- Ticket Income $94,125
Luxury Box -- Attendance: 1000 (100.00%) -- Ticket Income $200,000
Game was played at the SAP Center.
Total Attendance: 17528 (97.38%)
Total Ticket Income: $1,244,425
Other Income: $186,664
Total Income: $1,431,089
Red Wings
5 vs 5 Forward
Center Left Wing Right Wing Time % Phy DF OF
1 Henrik Zetterberg Marko Dano Connor Brown 35 0 2 3
2 Mike Richards Max Domi Kris Versteeg 35 0 2 3
3 Dylan Larkin Tye McGinn Kyle Okposo 20 0 2 3
4 T.J. Hensick Michael Haley Carson Mcmillan 10 0 3 2
5 vs 5 Defense
Defense Defense Time % Phy DF OF
1 Philip Samuelsson Drew Fata 40 0 2 3
2 Jiri Fischer Ole-Kristian Tollefsen 30 0 2 3
3 Ryan O'Byrne David Rundblad 20 0 2 3
4 Ryan O'Byrne David Rundblad 10 0 3 2
PowerPlay Forward
Center Left Wing Right Wing Time % Phy DF OF
1 Henrik Zetterberg Marko Dano Connor Brown 60 0 1 4
2 Mike Richards Dylan Larkin Kris Versteeg 40 0 1 4
PowerPlay Defense
Defense Defense Time % Phy DF OF
1 Philip Samuelsson Ole-Kristian Tollefsen 60 0 1 4
2 David Rundblad Max Domi 40 0 1 4
Penalty Kill 4 Players Forward
Center Wing Time % Phy DF OF
1 Henrik Zetterberg Carson Mcmillan 60 0 4 1
2 T.J. Hensick Michael Haley 40 0 4 1
Penalty Kill 4 Players Defense
Defense Defense Time % Phy DF OF
1 Ryan O'Byrne Ole-Kristian Tollefsen 60 1 4 0
2 Drew Fata Jiri Fischer 40 1 4 0
Penalty Kill - 3 Players Forward
Forward Time % Phy DF OF
1 Carson Mcmillan 60 1 4 0
2 Michael Haley 40 1 4 0
Penalty Kill - 3 Players Defense
Defense Defense Time % Phy DF OF
1 Ryan O'Byrne Jiri Fischer 60 0 5 0
2 Philip Samuelsson Drew Fata 40 0 5 0
4 vs 4 Forward
Center Wing Time % Phy DF OF
1 Henrik Zetterberg Kris Versteeg 55 0 2 3
2 Mike Richards Connor Brown 45 0 2 3
4 vs 4 Defense
Defense Defense Time % Phy DF OF
1 Philip Samuelsson Drew Fata 60 0 3 2
2 Ole-Kristian Tollefsen Jiri Fischer 40 0 3 2
Last Minutes Offensive
Center Left Wing Right Wing Defense Defense
Henrik Zetterberg Kris Versteeg Connor Brown Philip Samuelsson Ole-Kristian Tollefsen
Last Minutes Defensive
Center Left Wing Right Wing Defense Defense
T.J. Hensick Michael Haley Carson Mcmillan Ryan O'Byrne Drew Fata
Goaltenders
Starting : Robin Lehner
Backup : Mike McKenna
Extra Forwards
Normal : Henrik Zetterberg, Kris Versteeg, Kyle Okposo - PP : Kyle Okposo, Tye McGinn - PK : Mike Richards
Extra Defensemen
Normal : Philip Samuelsson, Ole-Kristian Tollefsen, David Rundblad - PP : David Rundblad - PK : Philip Samuelsson, David Rundblad
Penalty Shots
Kris Versteeg, Dylan Larkin, Marko Dano, Mike Richards, Carson Mcmillan
Scratches
David Krejci (Healthy), Jakub Kindl (Healthy)
Sharks
5 vs 5 Forward
Center Left Wing Right Wing Time % Phy DF OF
1 Jason Spezza David Booth Nick Palmieri 40 1 2 2
2 Gilbert Brule Brandon Dubinsky Bobby Butler 30 1 2 2
3 Boone Jenner Milan Michalek Oskar Osala 20 1 2 2
4 Corban Knight Zach Boychuk J.T. Brown 10 1 2 2
5 vs 5 Defense
Defense Defense Time % Phy DF OF
1 Drew Doughty PK Subban 40 1 2 2
2 Tyler Cuma Karl Alzner 30 1 2 2
3 Steve Eminger Patrick Wey 20 1 2 2
4 Drew Doughty PK Subban 10 1 2 2
PowerPlay Forward
Center Left Wing Right Wing Time % Phy DF OF
1 Jason Spezza David Booth Nick Palmieri 60 1 2 2
2 Gilbert Brule Brandon Dubinsky Bobby Butler 40 1 2 2
PowerPlay Defense
Defense Defense Time % Phy DF OF
1 Drew Doughty PK Subban 60 1 2 2
2 Tyler Cuma Karl Alzner 40 1 2 2
Penalty Kill 4 Players Forward
Center Wing Time % Phy DF OF
1 Jason Spezza David Booth 60 1 2 2
2 Gilbert Brule Brandon Dubinsky 40 1 2 2
Penalty Kill 4 Players Defense
Defense Defense Time % Phy DF OF
1 Drew Doughty PK Subban 60 1 2 2
2 Tyler Cuma Karl Alzner 40 1 2 2
Penalty Kill - 3 Players Forward
Forward Time % Phy DF OF
1 Jason Spezza 60 1 2 2
2 Gilbert Brule 40 1 2 2
Penalty Kill - 3 Players Defense
Defense Defense Time % Phy DF OF
1 Drew Doughty PK Subban 60 1 2 2
2 Tyler Cuma Karl Alzner 40 1 2 2
4 vs 4 Forward
Center Wing Time % Phy DF OF
1 Jason Spezza David Booth 60 1 2 2
2 Gilbert Brule Brandon Dubinsky 40 1 2 2
4 vs 4 Defense
Defense Defense Time % Phy DF OF
1 Drew Doughty PK Subban 60 1 2 2
2 Tyler Cuma Karl Alzner 40 1 2 2
Last Minutes Offensive
Center Left Wing Right Wing Defense Defense
Jason Spezza David Booth Nick Palmieri Drew Doughty PK Subban
Last Minutes Defensive
Center Left Wing Right Wing Defense Defense
Jason Spezza David Booth Nick Palmieri Drew Doughty PK Subban
Goaltenders
Starting : Ryan Miller
Backup : Chet Pickard
Extra Forwards
Normal : Brandon Dubinsky, Milan Michalek, Boone Jenner - PP : Brandon Dubinsky, Milan Michalek - PK : Brandon Dubinsky
Extra Defensemen
Normal : Karl Alzner, Steve Eminger, Patrick Wey - PP : Karl Alzner - PK : Karl Alzner, Steve Eminger
Penalty Shots
Jason Spezza, Gilbert Brule, Nick Palmieri, David Booth, Brandon Dubinsky
Scratches
Brayden McNabb (Healthy), Kevin Connauton (Healthy)
% Time on Ice - Red Wings
Lines # - Real PCT - Wanted PCT - Time Play
Normal Forward
1 - 32% - 35% - 15:29
2 - 32% - 35% - 15:36
3 - 22% - 20% - 10:27
4 - 14% - 10% - 6:34
Normal Defense
1 - 42% - 40% - 20:26
2 - 30% - 30% - 14:27
3 - 20% - 20% - 9:39
4 - 7% - 10% - 3:34
PP Forward
1 - 56% - 60% - 2:13
2 - 44% - 40% - 1:45
PP Defense
1 - 58% - 60% - 2:19
2 - 42% - 40% - 1:39
PK Forward
1 - 72% - 60% - 5:45
2 - 28% - 40% - 2:11
PK Defense
1 - 57% - 60% - 4:30
2 - 43% - 40% - 3:26
PK3 Forward
1 - 0% - 60%
2 - 0% - 40%
PK3 Defense
1 - 0% - 60%
2 - 0% - 40%
44 Forward
1 - 0% - 55%
2 - 0% - 45%
44 Defense
1 - 0% - 60%
2 - 0% - 40%
Last Minute Offensive - 0:00
Last Minute Defensive - 0:00
Total
Forward - 60:00
Defense - 60:00
|
% Time on Ice - Sharks
Lines # - Real PCT - Wanted PCT - Time Play
Normal Forward
1 - 32% - 40% - 15:34
2 - 25% - 30% - 11:52
3 - 25% - 20% - 11:52
4 - 18% - 10% - 8:48
Normal Defense
1 - 41% - 40% - 19:46
2 - 30% - 30% - 14:33
3 - 25% - 20% - 12:01
4 - 4% - 10% - 1:46
PP Forward
1 - 44% - 60% - 3:28
2 - 56% - 40% - 4:28
PP Defense
1 - 39% - 60% - 3:08
2 - 61% - 40% - 4:48
PK Forward
1 - 75% - 60% - 2:58
2 - 25% - 40% - 1:00
PK Defense
1 - 63% - 60% - 2:29
2 - 37% - 40% - 1:29
PK3 Forward
1 - 0% - 60%
2 - 0% - 40%
PK3 Defense
1 - 0% - 60%
2 - 0% - 40%
44 Forward
1 - 0% - 60%
2 - 0% - 40%
44 Defense
1 - 0% - 60%
2 - 0% - 40%
Last Minute Offensive - 0:00
Last Minute Defensive - 0:00
Total
Forward - 60:00
Defense - 60:00
|
Play-by-Play
1st period
0:01 of 1st period - Jason Spezza wins face-off versus Henrik Zetterberg in neutral zone.
0:04 of 1st period - Philip Samuelsson is hit by Nick Palmieri and loses puck.
0:23 of 1st period - Minor Penalty to Philip Samuelsson for Holding.
0:24 of 1st period - Jason Spezza wins face-off versus Henrik Zetterberg in Red Wings zone.
0:53 of 1st period - Brandon Dubinsky is hit by T.J. Hensick and loses puck.
2:23 of 1st period - Penalty to Philip Samuelsson is over, Philip Samuelsson is back on ice.
2:57 of 1st period - Philip Samuelsson is hit by Corban Knight and loses puck.
3:25 of 1st period - Philip Samuelsson is hit by Drew Doughty and loses puck.
3:38 of 1st period - Snap shot by Max Domi.
3:38 of 1st period - Stopped by Ryan Miller with a rebound.
4:03 of 1st period - Snap shot by Carson Mcmillan.
4:03 of 1st period - Shot Misses the Net.
4:41 of 1st period - Marko Dano is hit by Tyler Cuma and loses puck.
5:22 of 1st period - Wrist shot by Mike Richards.
5:22 of 1st period - Stopped by Ryan Miller without a rebound.
5:23 of 1st period - Jason Spezza wins face-off versus Mike Richards in Sharks zone.
5:53 of 1st period - Wrist shot by Brandon Dubinsky.
5:53 of 1st period - Shot Blocked by Tye McGinn.
5:55 of 1st period - Snap shot by Brandon Dubinsky.
5:55 of 1st period - Stopped by Robin Lehner without a rebound.
5:56 of 1st period - Gilbert Brule wins face-off versus Mike Richards in Red Wings zone.
5:56 of 1st period - Gilbert Brule is hit by David Rundblad.
6:26 of 1st period - Snap shot by Dylan Larkin.
6:26 of 1st period - Stopped by Ryan Miller with a rebound.
6:32 of 1st period - Wrist shot by Dylan Larkin.
6:32 of 1st period - Shot Misses the Net.
7:04 of 1st period - Icing by Tyler Cuma.
7:05 of 1st period - T.J. Hensick wins face-off versus Corban Knight in Sharks zone.
7:27 of 1st period - Icing by Jiri Fischer.
7:28 of 1st period - Jason Spezza wins face-off versus Mike Richards in Red Wings zone.
7:41 of 1st period - Slapshot by Kris Versteeg.
7:41 of 1st period - Shot Misses the Net.
8:38 of 1st period - Icing by Ole-Kristian Tollefsen.
8:39 of 1st period - Corban Knight wins face-off versus Dylan Larkin in Red Wings zone.
8:40 of 1st period - Wrist shot by J.T. Brown.
8:40 of 1st period - Stopped by Robin Lehner with a rebound.
8:42 of 1st period - Snap shot by Nick Palmieri.
8:42 of 1st period - Stopped by Robin Lehner without a rebound.
8:43 of 1st period - Jason Spezza wins face-off versus Kris Versteeg in Red Wings zone.
9:21 of 1st period - Snap shot by Brandon Dubinsky.
9:21 of 1st period - Deflect By Gilbert Brule.
9:21 of 1st period - Goal by Gilbert Brule - Red Wings : 0 - Sharks : 1.
9:22 of 1st period - Mike Richards wins face-off versus Nick Palmieri in neutral zone.
9:24 of 1st period - Minor Penalty to Drew Fata for Tripping.
9:25 of 1st period - Henrik Zetterberg wins face-off versus Jason Spezza in Red Wings zone.
9:37 of 1st period - Wrist shot by Nick Palmieri.
9:37 of 1st period - Stopped by Robin Lehner with a rebound.
10:58 of 1st period - Bobby Butler is hit by Ole-Kristian Tollefsen and loses puck.
11:23 of 1st period - Ole-Kristian Tollefsen is hit by Gilbert Brule and loses puck.
11:24 of 1st period - Penalty to Drew Fata is over, Drew Fata is back on ice.
11:38 of 1st period - Wrist shot by Corban Knight.
11:38 of 1st period - Stopped by Robin Lehner without a rebound.
11:39 of 1st period - Mike Richards wins face-off versus Corban Knight in Red Wings zone.
11:51 of 1st period - Snap shot by Kris Versteeg.
11:51 of 1st period - Stopped by Ryan Miller with a rebound.
11:53 of 1st period - Snap shot by Mike Richards.
11:53 of 1st period - Goal by Mike Richards - Red Wings : 1 - Sharks : 1.
11:54 of 1st period - Mike Richards wins face-off versus Jason Spezza in neutral zone.
13:06 of 1st period - Wrist shot by T.J. Hensick.
13:06 of 1st period - Deflect By Michael Haley.
13:06 of 1st period - Stopped by Ryan Miller with a rebound.
13:09 of 1st period - Icing by Karl Alzner.
13:10 of 1st period - Mike Richards wins face-off versus Corban Knight in Sharks zone.
13:23 of 1st period - Wrist shot by Corban Knight.
13:23 of 1st period - Stopped by Robin Lehner without a rebound.
13:24 of 1st period - Jason Spezza wins face-off versus Marko Dano in Red Wings zone.
15:36 of 1st period - Gilbert Brule is hit by David Rundblad and loses puck.
15:55 of 1st period - Wrist shot by Gilbert Brule.
15:55 of 1st period - Stopped by Robin Lehner with a rebound.
15:59 of 1st period - Slapshot by Brandon Dubinsky.
15:59 of 1st period - Shot Blocked by David Rundblad.
16:01 of 1st period - Slapshot by Steve Eminger.
16:01 of 1st period - Stopped by Robin Lehner with a rebound.
16:03 of 1st period - Wrist shot by Bobby Butler.
16:03 of 1st period - Shot Blocked by Kyle Okposo.
16:05 of 1st period - Snap shot by Brandon Dubinsky.
16:05 of 1st period - Shot Misses the Net.
16:11 of 1st period - Snap shot by Brandon Dubinsky.
16:11 of 1st period - Stopped by Robin Lehner with a rebound.
16:13 of 1st period - Wrist shot by Gilbert Brule.
16:13 of 1st period - Stopped by Robin Lehner with a rebound.
16:15 of 1st period - Slapshot by Gilbert Brule.
16:15 of 1st period - Goal by Gilbert Brule - Red Wings : 1 - Sharks : 2.
16:16 of 1st period - Connor Brown wins face-off versus Jason Spezza in neutral zone.
16:19 of 1st period - Snap shot by Marko Dano.
16:19 of 1st period - Stopped by Ryan Miller with a rebound.
16:21 of 1st period - Wrist shot by Marko Dano.
16:21 of 1st period - Stopped by Ryan Miller without a rebound.
16:22 of 1st period - Jason Spezza wins face-off versus Henrik Zetterberg in Sharks zone.
16:49 of 1st period - Wrist shot by Michael Haley.
16:49 of 1st period - Stopped by Ryan Miller without a rebound.
16:50 of 1st period - Carson Mcmillan wins face-off versus Gilbert Brule in Sharks zone.
17:15 of 1st period - Slapshot by Max Domi.
17:15 of 1st period - Stopped by Ryan Miller with a rebound.
18:05 of 1st period - Slapshot by Corban Knight.
18:05 of 1st period - Goal by Corban Knight - Red Wings : 1 - Sharks : 3.
18:06 of 1st period - Mike Richards wins face-off versus Jason Spezza in neutral zone.
18:35 of 1st period - Wrist shot by Henrik Zetterberg.
18:35 of 1st period - Deflect By Marko Dano.
18:35 of 1st period - Shot Blocked by Brandon Dubinsky.
18:35 of 1st period - Puck is out of play.
18:36 of 1st period - Brandon Dubinsky wins face-off versus Henrik Zetterberg in Sharks zone.
19:11 of 1st period - Backhand shot by Connor Brown.
19:11 of 1st period - Stopped by Ryan Miller without a rebound.
19:12 of 1st period - Jason Spezza wins face-off versus Mike Richards in Sharks zone.
19:21 of 1st period - David Booth is hit by Ryan O'Byrne and loses puck.
19:47 of 1st period - Slapshot by J.T. Brown.
19:47 of 1st period - Stopped by Robin Lehner without a rebound.
19:48 of 1st period - Henrik Zetterberg wins face-off versus Boone Jenner in Red Wings zone.
Goals for this period are 1 for Red Wings vs 3 for Sharks.
Shots for this period are 11 for Red Wings vs 14 for Sharks.
2nd period
0:01 of 2nd period - Jason Spezza wins face-off versus Mike Richards in neutral zone.
0:08 of 2nd period - Snap shot by Jason Spezza.
0:08 of 2nd period - Goal by Jason Spezza - Red Wings : 1 - Sharks : 4.
0:08 of 2nd period - Mike McKenna enters game.
0:09 of 2nd period - Mike Richards wins face-off versus Nick Palmieri in neutral zone.
0:35 of 2nd period - Marko Dano is hit by Brandon Dubinsky and loses puck.
0:56 of 2nd period - Wrist shot by Kyle Okposo.
0:56 of 2nd period - Goal by Kyle Okposo - Red Wings : 2 - Sharks : 4.
0:57 of 2nd period - Jason Spezza wins face-off versus Mike Richards in neutral zone.
2:35 of 2nd period - Snap shot by Max Domi.
2:35 of 2nd period - Shot Misses the Net.
2:37 of 2nd period - Snap shot by Philip Samuelsson.
2:37 of 2nd period - Deflect By Mike Richards.
2:37 of 2nd period - Stopped by Ryan Miller without a rebound.
2:38 of 2nd period - Henrik Zetterberg wins face-off versus Jason Spezza in Sharks zone.
3:15 of 2nd period - Wrist shot by Gilbert Brule.
3:15 of 2nd period - Stopped by Mike McKenna with a rebound.
3:25 of 2nd period - Snap shot by Corban Knight.
3:25 of 2nd period - Deflect By Zach Boychuk.
3:25 of 2nd period - Stopped by Mike McKenna without a rebound.
3:26 of 2nd period - Corban Knight wins face-off versus Dylan Larkin in Red Wings zone.
4:35 of 2nd period - Snap shot by Connor Brown.
4:35 of 2nd period - Stopped by Ryan Miller with a rebound.
4:37 of 2nd period - Wrist shot by Marko Dano.
4:37 of 2nd period - Shot Misses the Net.
4:39 of 2nd period - Snap shot by Connor Brown.
4:39 of 2nd period - Stopped by Ryan Miller with a rebound.
4:41 of 2nd period - Slapshot by David Rundblad.
4:41 of 2nd period - Deflect By Connor Brown.
4:41 of 2nd period - Stopped by Ryan Miller with a rebound.
4:43 of 2nd period - Wrist shot by David Rundblad.
4:43 of 2nd period - Shot Blocked by Karl Alzner.
5:07 of 2nd period - Snap shot by Karl Alzner.
5:07 of 2nd period - Stopped by Mike McKenna with a rebound.
5:21 of 2nd period - Slapshot by Jason Spezza.
5:21 of 2nd period - Shot Hit the Post.
6:00 of 2nd period - Wrist shot by Connor Brown.
6:00 of 2nd period - Stopped by Ryan Miller without a rebound.
6:01 of 2nd period - Henrik Zetterberg wins face-off versus Gilbert Brule in Sharks zone.
6:54 of 2nd period - Snap shot by Oskar Osala.
6:54 of 2nd period - Deflect By Milan Michalek.
6:54 of 2nd period - Shot Blocked by Jiri Fischer.
6:54 of 2nd period - Puck is out of play.
6:55 of 2nd period - Boone Jenner wins face-off versus Dylan Larkin in Red Wings zone.
6:58 of 2nd period - Slapshot by Oskar Osala.
6:58 of 2nd period - Stopped by Mike McKenna with a rebound.
7:00 of 2nd period - Slapshot by PK Subban.
7:00 of 2nd period - Stopped by Mike McKenna with a rebound.
7:02 of 2nd period - Wrist shot by Milan Michalek.
7:02 of 2nd period - Stopped by Mike McKenna with a rebound.
7:54 of 2nd period - Snap shot by Drew Doughty.
7:54 of 2nd period - Shot Misses the Net.
8:05 of 2nd period - Minor Penalty to Ryan O'Byrne for Hooking.
8:06 of 2nd period - Henrik Zetterberg wins face-off versus Jason Spezza in Red Wings zone.
8:23 of 2nd period - Off-side.
8:24 of 2nd period - Henrik Zetterberg wins face-off versus Gilbert Brule in neutral zone.
8:43 of 2nd period - Karl Alzner is hit by Henrik Zetterberg and loses puck.
9:00 of 2nd period - Wrist shot by Gilbert Brule.
9:00 of 2nd period - Stopped by Mike McKenna with a rebound.
9:02 of 2nd period - Snap shot by Karl Alzner.
9:02 of 2nd period - Stopped by Mike McKenna without a rebound.
9:03 of 2nd period - T.J. Hensick wins face-off versus Jason Spezza in Red Wings zone.
9:12 of 2nd period - Snap shot by PK Subban.
9:12 of 2nd period - Shot Blocked by Jiri Fischer.
10:05 of 2nd period - Penalty to Ryan O'Byrne is over, Ryan O'Byrne is back on ice.
10:14 of 2nd period - Snap shot by Tye McGinn.
10:14 of 2nd period - Shot Misses the Net.
11:04 of 2nd period - Snap shot by Oskar Osala.
11:04 of 2nd period - Deflect By Boone Jenner.
11:04 of 2nd period - Shot Blocked by T.J. Hensick.
11:04 of 2nd period - Puck is out of play.
11:05 of 2nd period - T.J. Hensick wins face-off versus Boone Jenner in Red Wings zone.
11:20 of 2nd period - Snap shot by Milan Michalek.
11:20 of 2nd period - Stopped by Mike McKenna with a rebound.
11:32 of 2nd period - Drew Doughty is hit by Kris Versteeg.
11:36 of 2nd period - Drew Fata is hit by Nick Palmieri and loses puck.
12:39 of 2nd period - Off-side.
12:40 of 2nd period - Boone Jenner wins face-off versus Mike Richards in neutral zone.
12:43 of 2nd period - Kris Versteeg is hit by Drew Doughty and loses puck.
12:48 of 2nd period - Backhand shot by Drew Doughty.
12:48 of 2nd period - Deflect By Boone Jenner.
12:48 of 2nd period - Stopped by Mike McKenna with a rebound.
12:56 of 2nd period - Milan Michalek is hit by Ole-Kristian Tollefsen and loses puck.
13:01 of 2nd period - Slapshot by Mike Richards.
13:01 of 2nd period - Stopped by Ryan Miller with a rebound.
13:03 of 2nd period - Slapshot by Mike Richards.
13:03 of 2nd period - Stopped by Ryan Miller with a rebound.
13:24 of 2nd period - Minor Penalty to Oskar Osala for Interference.
13:25 of 2nd period - Henrik Zetterberg wins face-off versus Jason Spezza in Sharks zone.
14:32 of 2nd period - David Booth is hit by Connor Brown and loses puck.
14:47 of 2nd period - Wrist shot by Gilbert Brule.
14:47 of 2nd period - Shot Misses the Net.
15:11 of 2nd period - Icing by Ole-Kristian Tollefsen.
15:12 of 2nd period - Jason Spezza wins face-off versus Marko Dano in Red Wings zone.
15:24 of 2nd period - Penalty to Oskar Osala is over, Oskar Osala is back on ice.
15:37 of 2nd period - Snap shot by T.J. Hensick.
15:37 of 2nd period - Shot Misses the Net.
15:39 of 2nd period - Backhand shot by Ole-Kristian Tollefsen.
15:39 of 2nd period - Stopped by Ryan Miller with a rebound.
15:41 of 2nd period - Slapshot by Philip Samuelsson.
15:41 of 2nd period - Deflect By T.J. Hensick.
15:41 of 2nd period - Stopped by Ryan Miller without a rebound.
15:42 of 2nd period - T.J. Hensick wins face-off versus Gilbert Brule in Sharks zone.
16:09 of 2nd period - David Rundblad is hit by Patrick Wey and loses puck.
16:34 of 2nd period - Slapshot by Tyler Cuma.
16:34 of 2nd period - Deflect By Ole-Kristian Tollefsen.
16:34 of 2nd period - Stopped by Mike McKenna with a rebound.
16:42 of 2nd period - Minor Penalty to Zach Boychuk for Holding.
16:43 of 2nd period - Jason Spezza wins face-off versus Marko Dano in Sharks zone.
18:42 of 2nd period - Penalty to Zach Boychuk is over, Zach Boychuk is back on ice.
19:42 of 2nd period - Snap shot by Nick Palmieri.
19:42 of 2nd period - Stopped by Mike McKenna with a rebound.
Goals for this period are 1 for Red Wings vs 1 for Sharks.
Shots for this period are 10 for Red Wings vs 13 for Sharks.
3rd period
0:01 of 3rd period - Jason Spezza wins face-off versus Henrik Zetterberg in neutral zone.
0:16 of 3rd period - Snap shot by Connor Brown.
0:16 of 3rd period - Stopped by Ryan Miller with a rebound.
0:26 of 3rd period - Philip Samuelsson is hit by PK Subban and loses puck.
1:00 of 3rd period - Oskar Osala is hit by Tye McGinn and loses puck.
1:31 of 3rd period - J.T. Brown is hit by Ole-Kristian Tollefsen and loses puck.
1:36 of 3rd period - Wrist shot by Carson Mcmillan.
1:36 of 3rd period - Stopped by Ryan Miller with a rebound.
1:54 of 3rd period - Kris Versteeg is hit by Brandon Dubinsky and loses puck.
2:48 of 3rd period - Wrist shot by Tye McGinn.
2:48 of 3rd period - Stopped by Ryan Miller with a rebound.
2:50 of 3rd period - Snap shot by Tye McGinn.
2:50 of 3rd period - Stopped by Ryan Miller without a rebound.
2:51 of 3rd period - Henrik Zetterberg wins face-off versus Boone Jenner in Sharks zone.
3:22 of 3rd period - Tyler Cuma is hit by Mike Richards and loses puck.
3:43 of 3rd period - Snap shot by Gilbert Brule.
3:43 of 3rd period - Stopped by Mike McKenna with a rebound.
4:13 of 3rd period - Brandon Dubinsky is hit by Connor Brown and loses puck.
4:22 of 3rd period - Slapshot by Drew Doughty.
4:22 of 3rd period - Shot Blocked by Philip Samuelsson.
4:52 of 3rd period - Snap shot by Dylan Larkin.
4:52 of 3rd period - Shot Blocked by PK Subban.
4:54 of 3rd period - Slapshot by David Rundblad.
4:54 of 3rd period - Stopped by Ryan Miller with a rebound.
4:56 of 3rd period - Backhand shot by David Rundblad.
4:56 of 3rd period - Stopped by Ryan Miller with a rebound.
5:32 of 3rd period - Icing by David Rundblad.
5:33 of 3rd period - Boone Jenner wins face-off versus Henrik Zetterberg in Red Wings zone.
5:40 of 3rd period - Snap shot by Oskar Osala.
5:40 of 3rd period - Shot Blocked by David Rundblad.
5:50 of 3rd period - Snap shot by Marko Dano.
5:50 of 3rd period - Shot Blocked by Patrick Wey.
6:44 of 3rd period - Snap shot by Nick Palmieri.
6:44 of 3rd period - Stopped by Mike McKenna without a rebound.
6:45 of 3rd period - Henrik Zetterberg wins face-off versus Boone Jenner in Red Wings zone.
6:45 of 3rd period - Henrik Zetterberg is hit by Oskar Osala.
6:51 of 3rd period - Slapshot by Drew Doughty.
6:51 of 3rd period - Stopped by Mike McKenna without a rebound.
6:52 of 3rd period - Henrik Zetterberg wins face-off versus Boone Jenner in Red Wings zone.
7:01 of 3rd period - Snap shot by Boone Jenner.
7:01 of 3rd period - Shot Blocked by Marko Dano.
7:03 of 3rd period - Snap shot by Drew Doughty.
7:03 of 3rd period - Stopped by Mike McKenna with a rebound.
7:05 of 3rd period - Snap shot by Drew Doughty.
7:05 of 3rd period - Stopped by Mike McKenna without a rebound.
7:06 of 3rd period - Henrik Zetterberg wins face-off versus Jason Spezza in Red Wings zone.
7:13 of 3rd period - Snap shot by Marko Dano.
7:13 of 3rd period - Stopped by Ryan Miller with a rebound.
7:15 of 3rd period - Wrist shot by Marko Dano.
7:15 of 3rd period - Stopped by Ryan Miller without a rebound.
7:16 of 3rd period - Jason Spezza wins face-off versus Connor Brown in Sharks zone.
8:03 of 3rd period - Slapshot by Connor Brown.
8:03 of 3rd period - Shot Blocked by Drew Doughty.
8:07 of 3rd period - Wrist shot by Henrik Zetterberg.
8:07 of 3rd period - Shot Blocked by PK Subban.
8:09 of 3rd period - Wrist shot by Henrik Zetterberg.
8:09 of 3rd period - Stopped by Ryan Miller with a rebound.
8:11 of 3rd period - Snap shot by Connor Brown.
8:11 of 3rd period - Shot Misses the Net.
8:15 of 3rd period - Wrist shot by Connor Brown.
8:15 of 3rd period - Shot Misses the Net.
8:27 of 3rd period - Snap shot by Henrik Zetterberg.
8:27 of 3rd period - Stopped by Ryan Miller with a rebound.
8:29 of 3rd period - Slapshot by Henrik Zetterberg.
8:29 of 3rd period - Stopped by Ryan Miller with a rebound.
9:08 of 3rd period - Snap shot by Marko Dano.
9:08 of 3rd period - Shot Misses the Net.
9:10 of 3rd period - Slapshot by Philip Samuelsson.
9:10 of 3rd period - Stopped by Ryan Miller with a rebound.
9:20 of 3rd period - Snap shot by Henrik Zetterberg.
9:20 of 3rd period - Stopped by Ryan Miller with a rebound.
9:22 of 3rd period - Wrist shot by Connor Brown.
9:22 of 3rd period - Stopped by Ryan Miller without a rebound.
9:23 of 3rd period - Gilbert Brule wins face-off versus Mike Richards in Sharks zone.
9:23 of 3rd period - Gilbert Brule is hit by Ole-Kristian Tollefsen.
10:04 of 3rd period - Minor Penalty to Dylan Larkin for Holding.
10:05 of 3rd period - T.J. Hensick wins face-off versus Gilbert Brule in Red Wings zone.
11:15 of 3rd period - Snap shot by Brandon Dubinsky.
11:15 of 3rd period - Shot Misses the Net.
12:04 of 3rd period - Penalty to Dylan Larkin is over, Dylan Larkin is back on ice.
12:18 of 3rd period - Wrist shot by Dylan Larkin.
12:18 of 3rd period - Stopped by Ryan Miller without a rebound.
12:19 of 3rd period - Corban Knight wins face-off versus Dylan Larkin in Sharks zone.
12:19 of 3rd period - Corban Knight is hit by Tye McGinn.
12:51 of 3rd period - Kris Versteeg is hit by Zach Boychuk and loses puck.
12:56 of 3rd period - Wrist shot by Zach Boychuk.
12:56 of 3rd period - Shot Misses the Net.
12:58 of 3rd period - Snap shot by Zach Boychuk.
12:58 of 3rd period - Goal by Zach Boychuk - Red Wings : 2 - Sharks : 5.
12:59 of 3rd period - Jason Spezza wins face-off versus Mike Richards in neutral zone.
13:31 of 3rd period - Connor Brown is hit by PK Subban.
14:13 of 3rd period - Philip Samuelsson is hit by Karl Alzner and loses puck.
14:28 of 3rd period - Wrist shot by Drew Fata.
14:28 of 3rd period - Deflect By Nick Palmieri.
14:28 of 3rd period - Stopped by Ryan Miller with a rebound.
14:30 of 3rd period - Wrist shot by Mike Richards.
14:30 of 3rd period - Stopped by Ryan Miller with a rebound.
14:32 of 3rd period - Slapshot by Drew Fata.
14:32 of 3rd period - Shot Misses the Net.
14:52 of 3rd period - Snap shot by Oskar Osala.
14:52 of 3rd period - Stopped by Mike McKenna without a rebound.
14:53 of 3rd period - T.J. Hensick wins face-off versus Boone Jenner in Red Wings zone.
15:12 of 3rd period - T.J. Hensick is hit by Boone Jenner and loses puck.
15:47 of 3rd period - Snap shot by T.J. Hensick.
15:47 of 3rd period - Stopped by Ryan Miller without a rebound.
15:48 of 3rd period - Max Domi wins face-off versus Jason Spezza in Sharks zone.
16:16 of 3rd period - Icing by Marko Dano.
16:17 of 3rd period - Gilbert Brule wins face-off versus Henrik Zetterberg in Red Wings zone.
16:20 of 3rd period - Snap shot by Brandon Dubinsky.
16:20 of 3rd period - Shot Hit the Post.
16:42 of 3rd period - Snap shot by Gilbert Brule.
16:42 of 3rd period - Stopped by Mike McKenna without a rebound.
16:43 of 3rd period - Mike Richards wins face-off versus Jason Spezza in Red Wings zone.
17:19 of 3rd period - Dylan Larkin is hit by Milan Michalek and loses puck.
17:38 of 3rd period - Backhand shot by Drew Doughty.
17:38 of 3rd period - Deflect By Marko Dano.
17:38 of 3rd period - Stopped by Mike McKenna without a rebound.
17:39 of 3rd period - Corban Knight wins face-off versus Mike Richards in Red Wings zone.
18:27 of 3rd period - J.T. Brown is hit by Drew Fata and loses puck.
18:54 of 3rd period - Wrist shot by Max Domi.
18:54 of 3rd period - Shot Blocked by PK Subban.
19:00 of 3rd period - Snap shot by Max Domi.
19:00 of 3rd period - Shot Misses the Net.
19:02 of 3rd period - Slapshot by Philip Samuelsson.
19:02 of 3rd period - Stopped by Ryan Miller with a rebound.
19:04 of 3rd period - Snap shot by Max Domi.
19:04 of 3rd period - Shot Misses the Net.
19:06 of 3rd period - Snap shot by Kris Versteeg.
19:06 of 3rd period - Stopped by Ryan Miller without a rebound.
19:07 of 3rd period - Jason Spezza wins face-off versus Henrik Zetterberg in Sharks zone.
19:34 of 3rd period - Bobby Butler is hit by Kyle Okposo and loses puck.
Goals for this period are 0 for Red Wings vs 1 for Sharks.
Shots for this period are 20 for Red Wings vs 9 for Sharks.